 Dungeon Crawl Stone Soup version 0.31.0-9-g3a7656b989 (console) character file.

Game seed: 11793849699775322073

140 AlterAsc the Chopper (level 5, -6/41 HPs)
             Began as a Formicid Fighter on Jan 28, 2024.
             Shot with an arrow by a centaur (12 damage)
             ... on level 7 of the Dungeon.
             The game lasted 00:03:35 (1976 turns).

AlterAsc the Chopper (Formicid Fighter)             Turns: 1976, Time: 00:03:36

Health: -6/41      AC:  6    Str: 22    XL:     5   Next: 47%
Magic:  5/5        EV:  9    Int:  8    God:
Gold:   146        SH:  5    Dex: 13    Spells: 4/4 levels left

rFire   . . .        a - +0 war axe
rCold   . . .        c - +0 buckler
rNeg    . . .        b - +0 scale mail
rPois   .            (helmet unavailable)
rElec   .            (no cloak)
rCorr   .            (no gloves)
SInv    +            (no boots)
Will    .....        (no amulet) Stlth
                     (no ring)
HPRegen 0.26/turn    (no ring)
MPRegen 0.09/turn

%: no passive effects
@: no status effects
A: permanent stasis, dig shafts and tunnels, antennae 3, four strong arms
a: Dig, Shaft Self


You were on level 7 of the Dungeon.
You visited 1 branch of the dungeon, and saw 5 of its levels.

You collected 146 gold pieces.

Inventory:

Hand Weapons
 a - a +0 war axe (weapon)
 q - a +1 hand axe of venom
Missiles
 p - 5 curare-tipped darts (quivered)
 r - 8 poisoned darts
Armour
 b - a +0 scale mail (worn)
 c - a +0 buckler (worn)
Scrolls
 e - a scroll of fear {unknown}
 g - a scroll of revelation {unknown}
 i - a scroll of noise {unknown}
 k - 2 scrolls of identify {unknown}
 l - 2 scrolls of teleportation {unknown}
 m - a scroll of amnesia {unknown}
 n - a scroll of poison {unknown}
 t - a scroll of blinking {unknown}
 u - a scroll of enchant weapon {unknown}
Potions
 d - a potion of might
 f - a potion of mutation {unknown}
 h - a potion of berserk rage {unknown}
 j - a potion of lignification {unknown}
 o - a potion of curing {unknown}
 s - a potion of resistance {unknown}


   Skills:
 - Level 3.2 Fighting
 + Level 5.2 Axes
 - Level 3.2 Armour
 - Level 4.0 Shields


You had 4 spell levels left.
You didn't know any spells.
Your spell library was empty.

Dungeon Overview and Level Annotations

Branches:
Dungeon (4/15)
 Temple: D:4-7

Altars:


Innate Abilities, Weirdness & Mutations

You cannot be hasted, slowed, berserked, paralysed or teleported.
You can dig through walls and to a lower floor.
You have a pair of large antennae on your head. (SInv)
Your four strong arms can wield two-handed weapons with a shield.


Message History

The howler monkey hits you. The howler monkey hits you.
The howler monkey hoots and howls with incredible vigour!
You hear a shout! x3
A hound comes into view.
The howler monkey hoots and howls with incredible vigour!
The hound barks!
You hear a shout! x2
Found 11 gold pieces.
Found 6 gold pieces.
The hound bites you but does no damage. You block the hound's attack. x2
The howler monkey attacks as it pursues you!
The howler monkey barely misses you.
A centaur comes into view.
The hound bites you.
The centaur wields a +0 orcbow.
The centaur shoots an arrow.
The arrow hits you!
You hear a shout!
The hound attacks as it pursues you! The hound bites you but does no damage.
The howler monkey hoots and howls with incredible vigour!
The centaur shoots an arrow.
You block the arrow. The hound bites you.
* * * LOW HITPOINT WARNING * * *
You hear a shout! x3; You hear an angry buzzing noise.
You hear a shout!
Okay, then.
The centaur shoots an arrow.
You block the arrow.
The howler monkey hoots and howls with incredible vigour!
You hear an angry buzzing noise.
The hound barely misses you.
An orc wizard comes into view. It is wielding a +2 dagger of venom.
Found 2 scrolls labelled GIPACYT OXOSS.
The orc wizard shouts!
The centaur shoots an arrow.
The arrow hits you.
* * * LOW HITPOINT WARNING * * *
The orc wizard casts a spell.
The orc wizard flickers and vanishes for a moment.
An orc wizard comes into view. It is wielding a +0 dagger.
You hear a shout! x2
You hear the faint creaking of a portcullis nearby.
The centaur shoots an arrow.
The arrow hits you.
* * * LOW HITPOINT WARNING * * *
An orc comes into view. It is wielding a +0 flail.
The centaur shoots an arrow.
The arrow hits you!
You die...

........# ........#
... ?.......# #...
........# #...#
........##.....
........#......
........#......
.......@.....o.
.......h.....oo
#####....c$###.
##.h....... ######
###Y...####
##....#######...####
#..............##
##..............#
...........####.#
.##........# ...#
###........# ...#


You could see an ice beast, a centaur, a howler monkey (catching breath), a
hound, 2 orc wizards and an orc.

Vanquished Creatures
  2 orc wizards (D:3)
  An adder (D:3)
  A dart slug (D:1)
  12 orcs (D:3)
  7 ball pythons
  2 endoplasms
  2 giant cockroaches (D:2)
  4 goblins
  6 hobgoblins
  3 jackals (D:2)
  9 kobolds
  3 quokkas
  2 bats (D:1)
  A frilled lizard (D:1)
  8 rats
63 creatures vanquished.

Notes
Turn   | Place    | Note
-------+----------+-------------------------------------------
     0 | D:1      | AlterAsc the Formicid Fighter began the quest for the Orb.
     0 | D:1      | Reached XP level 1. HP: 18/18 MP: 1/1
    30 | D:1      | Reached XP level 2. HP: 10/24 MP: 2/2
   145 | D:1      | Reached skill level 3 in Axes
   256 | D:1      | Reached XP level 3. HP: 28/29 MP: 3/3
  1272 | D:3      | Reached skill level 4 in Axes
  1272 | D:3      | Reached XP level 4. HP: 35/35 MP: 4/4
  1286 | D:3      | Reached XP level 5. HP: 34/41 MP: 5/5
  1293 | D:3      | Reached skill level 5 in Axes
  1875 | D:4      | You fall into a shaft and drop 3 floors!
  1955 | D:7      | Noticed an ice beast
  1970 | D:7      | Noticed a centaur
  1976 | D:7      | Shot with an arrow by a centaur

Illustrated notes

Levels and vault maps discovered:
D:1:      erik_arrival_blinker_ship, layout_rooms, minmay_tromino_v4_a
D:2:      layout_basic, minivault_11
D:3:      layout_rooms, st_stairs_8, grunt_ministairs_5, fountainhead
D:4:      layout_basic, nicolae_overflow_crystal_walls, kennysheep_mini_moat,
          temple_doors_e, uniq_pikel
D:7:      layout_cave_pods, nicolae_hepliaklqana_ecumenical_no_more,
          enter_bailey_1

Skill      XL: |  1  2  3  4  5 |
---------------+----------------+-----
Axes           | 3 4 5 |  5.2
Fighting       | |  3.2
Armour         | |  3.2
Shields        | |  4.0

Action                     |  1- 3 |  4- 6 || total
---------------------------+-------+-------++-------
  Melee: War axe           |    75 |    66 ||   141
Ability: Shaft Self        |       |     1 ||     1
 Armour: Scale mail        |    71 |    62 ||   133
  Dodge: Dodged            |    42 |    37 ||    79
  Block: Buckler           |    25 |    19 ||    44
